 Dungeon Crawl Stone Soup version 0.19-a0-459-gb8ed64d (webtiles) character file.

26 Duffy the Ruffian (level 3, -1/21 HPs)
             Began as a Gargoyle Transmuter on June 2, 2016.
             Slain by an adder (3 damage)
             ... on level 3 of the Dungeon.
             The game lasted 00:00:54 (1214 turns).

Duffy the Ruffian (Gargoyle Transmuter)             Turns: 1214, Time: 00:00:55

Health: -1/21      AC:  9    Str: 14    XL:     3   Next: 8%
Magic:  6/6        EV: 12    Int: 13    God:
Gold:   56         SH:  0    Dex: 10    Spells: 1 memorised, 5 levels left

rFire  . . .     SeeInvis .       - Unarmed
rCold  . . .     Gourm    .     b - +0 robe
rNeg   + . .     Faith    .     (no shield)
rPois  ∞         Spirit   .     (no helmet)
rElec  +         Dismiss  .     m - +2 cloak
rCorr  .         Reflect  .     l - +0 pair of gloves
SustAt .         Harm     .     (no boots)
MR     .....                    (no amulet)
Stlth  +.........               (no ring)
                                (no ring)

@: not resistant to hostile enchantments, very unstealthy
A: negative energy resistance 1, electricity resistance, unbreathing,
petrification resistance, rot immunity, AC +3
a: no special abilities


You were on level 3 of the Dungeon.
You were not hungry.

You visited 1 branch of the dungeon, and saw 3 of its levels.

You collected 56 gold pieces.


Innate Abilities, Weirdness & Mutations

You are resistant to torment.
Your stone body is resilient. (AC +3)
You are immune to poison.
You resist negative energy. (rN+)
You are resistant to electric shocks. (rElec)
You can survive without breathing.
You are immune to petrification.
You are immune to rotting.


   Skills:
 + Level 2.2 Fighting
 - Level 1.5 Dodging
 + Level 3.6 Unarmed Combat
 - Level 2.0 Spellcasting
 - Level 1.5 Transmutations


You had 5 spell levels left.
You knew the following spells:

 Your Spells              Type           Power        Failure   Level  Hunger
a - Beastly Appendage     Tmut           #.....       14%         1    ##.....

Inventory:

Missiles
 a - 12 arrows
Armour
 b - a +0 robe (worn)
 l - a +0 pair of gloves (worn)
 m - a +2 cloak (worn)
Scrolls
 e - a scroll of amnesia {unknown}
 f - 3 scrolls of teleportation {unknown}
 i - 2 scrolls of identify {unknown}
 k - a scroll of random uselessness {unknown}
Potions
 g - 2 potions of lignification {unknown}
 j - a potion of heal wounds {unknown}
Books
 c - a book of Changes
Comestibles
 d - 2 bread rations
 h - 2 meat rations

Dungeon Overview and Level Annotations

Branches:
Dungeon (3/15)

Altars:


Message History

No target in view!
No target in view!
No target in view!
No target in view!
No target in view!
You see here a dart slug corpse.
f - 3 scrolls labeled BEMOHY ZOUKIM (gained 1)
d - 2 bread rations (gained 1)
You now have 56 gold pieces (gained 9). 2 gnolls come into view.
There are monsters nearby!
There are monsters nearby!
A bat comes into view.
The bat barely misses you. The bat hits you but does no damage.
The bat hits you but does no damage. The bat closely misses you.
The bat hits you. The bat hits you but does no damage.
You barely miss the bat. The bat hits you but does no damage. x2
The gnoll hits you from afar with a halberd!
The bat hits you but does no damage. The bat completely misses you.
The bat hits you but does no damage. The bat barely misses you.
The bat barely misses you. The bat misses you. The bat barely misses you.
The bat hits you but does no damage. The bat hits you.
You can't go down here!
The bat hits you but does no damage.
There is a stone staircase leading down here.
The gnoll hits you from afar with a halberd!
The bat completely misses you.
You climb downwards.
An adder comes into view.
There is a stone staircase leading up here.
Unknown command.
You hit the adder. You punch the adder.
The adder is heavily wounded.
The adder closely misses you.
You miss the adder.
The adder is heavily wounded.
The adder closely misses you.
You hit the adder.
The adder is almost dead.
The adder barely misses you.
You hit the adder but do no damage.
The adder is almost dead.
The adder bites you.
You die...

# .# ..#
..
###.####.
#@S......
###..###.
.# .# #


You could see an adder.

Action                   || total
-------------------------++-------
Melee: Unarmed           ||   112
       Punch             ||     1
  Eat: Chunk             ||     1
Armor: Robe              ||    44
Dodge: Dodged            ||    91

Notes
Turn   | Place    | Note
--------------------------------------------------------------
     0 | D:1      | Duffy the Gargoyle Transmuter began the quest for the Orb.
     0 | D:1      | Reached XP level 1. HP: 12/12 MP: 3/3
   341 | D:2      | Reached XP level 2. HP: 3/17 MP: 5/5
   814 | D:2      | Reached skill level 2 in Fighting
  1081 | D:2      | Reached XP level 3. HP: 21/21 MP: 6/6
  1214 | D:3      | Slain by an adder

Skill      XL: |  1  2 |
---------------+-------+-----
Fighting       | 2 |  2.2
Dodging        | |  1.5
Unarmed Combat | |  3.6
Spellcasting   | |  2.0
Transmutations | |  1.5

Vault maps used:
D:1:      lemuel_arrival_hallway
D:2:      first_bread
D:3:      gammafunk_temple_overflow_elements, ecumenical_altar_2, uniq_natasha,
          uniq_grinder, uniq_iyjb

Vanquished Creatures
  An adder
  2 dart slugs
  A giant cockroach
  A quokka
  2 bats
  2 giant newts
  5 goblins
  A rat
15 creatures vanquished.
